 Dungeon Crawl Stone Soup version 0.28-a0-691-gad6df49e81 (webtiles) character file.

Game seed: 11321831656114647434

812 cocoabean the Cudgeller (level 7, -1/66 HPs)
             Began as a Gargoyle Berserker on Oct 21, 2021.
             Was a Believer of Trog.
             Slain by a wight (15 damage)
             ... on level 4 of the Dungeon.
             The game lasted 00:40:45 (7012 turns).

cocoabean the Cudgeller (Gargoyle Berserker)        Turns: 7012, Time: 00:40:46

Health: -1/66      AC: 17    Str: 21    XL:     7   Next: 93%
Magic:  7/7        EV:  7    Int:  8    God:    Trog [**....]
Gold:   122        SH:  0    Dex: 10    Spells: 6/6 levels left

rFire   . . .      SeeInvis .   a - +0 mace
rCold   . . .      Faith    .   (no shield)
rNeg    + . .      Spirit   .   h - +0 plate armour
rPois   ∞          Reflect  .   (no helmet)
rElec   +          Harm     .   (no cloak)
rCorr   .          Rampage  .   (no gloves)
Will    .....                   (no boots)
Stlth   ..........              (no amulet)
HPRegen 0.21/turn               (no ring)
MPRegen 0.10/turn               (no ring)

@: berserking, studying Long Blades, very quick
A: sickness immunity, AC +4, negative energy resistance 1, electricity
resistance, torment resistance 1, petrification resistance
a: Renounce Religion, Berserk, Trog's Hand


You were on level 4 of the Dungeon.
You worshipped Trog.
Trog was pleased with you.
You visited 1 branch of the dungeon, and saw 5 of its levels.

You collected 122 gold pieces.

Inventory:

Hand Weapons
 a - a +0 mace (weapon)
Missiles
 d - 3 large rocks
 j - 34 bolts
Armour
 b - a +0 animal skin
 h - a +0 plate armour (worn)
Magical Staves
 e - a staff of poison
Jewellery
 p - an amulet of guardian spirit
 t - a ring of magical power
Wands
 r - a wand of acid (12)
Scrolls
 c - 3 scrolls of blinking {unknown}
 g - 3 scrolls of teleportation {unknown}
 i - a scroll of noise {unknown}
 k - 5 scrolls of identify {unknown}
 l - a scroll of fog {unknown}
 m - a scroll of brand weapon {unknown}
 q - a scroll of enchant weapon {unknown}
 s - a scroll of immolation {unknown}
 u - a scroll of acquirement {unknown}
Potions
 f - a potion of lignification {unknown}
 n - 2 potions of attraction {unknown}
 o - a potion of degeneration {unknown}
 v - a potion of curing {unknown}
 w - a potion of brilliance {unknown}
 x - a potion of ambrosia {unknown}


   Skills:
 + Level 5.2 Fighting
 + Level 6.6 Maces & Flails
 + Level 4.9 Armour
 + Level 2.3 Dodging
 + Level 1.2 Stealth


You had 6 spell levels left.
You didn't know any spells.
Your spell library contained the following spells:

 Spells                   Type           Power      Damage    Failure   Level
 Shock                    Conj/Air       0%         1d3       100%        1
 Wereblood                Tmut           0%         N/A       100%        2
 Ozocubu's Armour         Ice            0%         N/A       100%        3
 Swiftness                Air            0%         N/A       100%        3
 Airstrike                Air            0%         N/A       100%        4
 Ozocubu's Refrigeration  Ice            0%         4d5       100%        7
 Summon Hydra             Summ           0%         N/A       100%        7
 Sublimation of Blood     Necr           Unusable   N/A       N/A         2

Dungeon Overview and Level Annotations

Branches:
Dungeon (5/15)
 Temple: D:4-7

Altars:
Cheibriados
Elyvilon
Kikubaaqudgha
Sif Muna
Vehumet


Innate Abilities, Weirdness & Mutations

You are immune to sickness and miasma.
Your stone body is resilient. (AC +4)
You are immune to poison.
You resist negative energy. (rN+)
You are resistant to electric shocks. (rElec)
You are resistant to unholy torment.
You are immune to petrification.


Message History

You thump the wight!
The wight is heavily damaged.
The wight hits you with a +0 battleaxe!
You hit the wight.
The wight is heavily damaged.
A goblin comes into view. It is wielding a +0 dagger.
The wight completely misses you.
You closely miss the wight.
The wight is heavily damaged.
The wight hits you but does no damage.
You hit the wight.
The wight is severely damaged.
The wight barely misses you.
You hit the wight.
You destroy the wight!
Trog accepts your kill.
You recover from your berserk rage.
The wight barely misses you.
You sock the wight!
The wight is almost destroyed.
The wight hits you but does no damage.
You barely miss the wight.
The wight is almost destroyed.
The wight hits you with a +3 battleaxe of freezing.
The wight freezes you.
You hit the wight but do no damage.
The wight is almost destroyed.
The wight hits you with a +3 battleaxe of freezing.
The wight freezes you.
You hit the wight.
The wight is almost destroyed.
The wight hits you with a +3 battleaxe of freezing!
* * * LOW HITPOINT WARNING * * *
The wight freezes you.
* * * LOW HITPOINT WARNING * * *
You are too injured to fight recklessly!
A red film seems to cover your vision as you go berserk!
You feel yourself moving faster!
You feel mighty!
The wight hits you with a +3 battleaxe of freezing!
You die...

## ## #.#
#. ####
..# ##
####... ..
.......#.#
...zz..g.#
#z# ##@#
#.)# #.##
##.# #.##
#.# ##.#
#.## ##.#


You could see a wight and a goblin.

Vanquished Creatures
  A necrophage (D:2)
  An ogre (D:4)
  A phantom (D:4)
  A kobold brigand (D:4)
  A scorpion (D:4)
  3 wights (D:4)
  A bullfrog skeleton (D:4)
  3 orc priests (D:4)
  Terence (D:3)
  An orc wizard (D:3)
  6 adders
  A worm (D:3)
  A dart slug (D:1)
  8 orcs
  6 bats
  5 endoplasms
  6 giant cockroaches
  5 goblins
  6 hobgoblins
  6 jackals
  3 kobolds
  9 quokkas
  11 ball pythons
  3 frilled lizards (D:1)
  5 rats
95 creatures vanquished.

Notes
Turn   | Place    | Note
-------+----------+-------------------------------------------
     0 | D:1      | cocoabean the Gargoyle Berserker began the quest for the
                  | Orb.
     0 | D:1      | Reached XP level 1. HP: 14/14 MP: 1/1
   191 | D:1      | Reached XP level 2. HP: 19/19 MP: 2/2
   820 | D:1      | Found a faded altar of an unknown god.
   886 | D:1      | Reached XP level 3. HP: 22/24 MP: 3/3
  1633 | D:2      | Noticed a necrophage
  1658 | D:3      | Reached ** piety under Trog
  1716 | D:2      | Killed a necrophage
  1717 | D:2      | Reached skill level 4 in Maces & Flails
  1717 | D:2      | Reached XP level 4. HP: 24/29 MP: 4/4
  1717 | D:2      | Reached XP level 5. HP: 27/33 MP: 5/5
  1876 | D:2      | Found a snail-covered altar of Cheibriados.
  2933 | D:3      | Noticed Terence
  2945 | D:3      | Killed Terence
  3834 | D:3      | Reached XP level 6. HP: 39/39 MP: 6/6
  4049 | D:4      | Reached skill level 5 in Maces & Flails
  4121 | D:4      | Identified the +5 robe "Utoamn" {*Slow Int+3 Archmagi}
  4255 | D:4      | Found a radiant altar of Vehumet.
  4258 | D:4      | Found an ancient bone altar of Kikubaaqudgha.
  4273 | D:4      | Found a shimmering blue altar of Sif Muna.
  4739 | D:4      | Reached XP level 7. HP: 16/44 MP: 7/7
  5351 | D:4      | Found a white marble altar of Elyvilon.
  5381 | D:4      | Reached skill level 5 in Fighting
  5416 | D:5      | Entered Level 5 of the Dungeon
  5922 | D:4      | Reached skill level 6 in Maces & Flails
  5922 | D:4      | Reached skill level 1 in Stealth
  7012 | D:4      | Slain by a wight

Illustrated notes

Levels and vault maps discovered:
D:1:      dpeg_arrival_court, layout_basic, shapermc_ecumenical_altar_pompeii
D:2:      layout_basic, basic_altar
D:3:      layout_basic, skrybe_limestone_x, uniq_terence
D:4:      layout_cave_pods, grunt_temple_overflow_magic_moments,
          elyvilon_altar_5, minmay_manual_monolith
D:5:      layout_loops_ring, serial_shops, nicolae_shop_behind_doors,
          hangedman_abyss_or_decor_lesser_grid, uniq_menkaure

Skill      XL: |  1  2  3  4  5  6  7 |
---------------+----------------------+-----
Fighting       | 4 5 |  5.2
Maces & Flails | 4 5 6 |  6.6
Dodging        | 2 |  2.3
Armour         | 3 4 |  4.9
Stealth        | 1 |  1.2

Action                   |  1- 3 |  4- 6 |  7- 9 || total
-------------------------+-------+-------+-------++-------
Melee: Mace              |    99 |   169 |   113 ||   381
Invok: Berserk           |       |     4 |     3 ||     7
       Trog's Hand       |       |     1 |       ||     1
Armor: Animal skin       |    29 |       |       ||    29
       Plate armour      |    21 |   131 |    79 ||   231
Dodge: Dodged            |    62 |    61 |    33 ||   156

Table legend: (Time is in decaauts)
 A = Elapsed time spent in this place.
 B = Non-inter-level travel time spent in this place.
 C = Inter-level travel time spent in this place.
 D = Time resting spent in this place.
 E = Time spent auto-exploring this place.
 F = Levels seen in this place.
 G = Mean time per level.
                   A        B        C        D        E       F      G
               +--------+--------+--------+--------+--------+-----+--------+
         Total |   7145 |   7043 |    102 |   3766 |   2082 |   5 | 1429.0 |
       Dungeon |   7145 |   7043 |    102 |   3766 |   2082 |   5 | 1429.0 |
               +--------+--------+--------+--------+--------+-----+--------+

Top non-repeatable levels by time:
     D:4: 2354 daAuts
     D:3: 1776 daAuts
     D:2: 1516 daAuts
     D:1: 1362 daAuts
     D:5: 136 daAuts
